 Dungeon Crawl Stone Soup version 0.31-a0-1496-g79c7dd0 (webtiles) character file.

Game seed: 2815774164078451643

222 samfromsteam the Trooper (level 5, -3/47 HPs)
             Began as a Minotaur Fighter on Dec 29, 2023.
             Slain by a water moccasin (4 damage)
             ... on level 5 of the Dungeon.
             The game lasted 00:06:10 (2455 turns).

samfromsteam the Trooper (Minotaur Fighter)         Turns: 2455, Time: 00:06:12

Health: -3/47      AC: 18    Str: 23    XL:     5   Next: 66%
Magic:  4/4        EV:  7    Int:  5    God:
Gold:   143        SH:  0    Dex:  9    Spells: 4/4 levels left

rFire   . . .        p - +3 quarterstaff (chaos)
rCold   . . .        (shield currently unavailable)
rNeg    . . .        r - +0 plate armour
rPois   .            (helmet restricted)
rElec   .            b - +0 cloak
rCorr   .            j - +0 pair of gloves
SInv    .            (no boots)
Will    +....        (no amulet) Stlth
                     l - +4 ring of protection
HPRegen 0.27/turn    (no ring)
MPRegen 0.09/turn

%: no passive effects
@: lethally poisoned (-3 -> -26), enlightened, flying
A: horns 2, retaliatory headbutt
a: no special abilities


You were on level 5 of the Dungeon.
You visited 1 branch of the dungeon, and saw 5 of its levels.

You collected 143 gold pieces.

Inventory:

Hand Weapons
 p - a +3 quarterstaff of chaos (weapon)
Armour
 b - a +0 cloak (worn)
 c - a +0 buckler
 j - a +0 pair of gloves (worn)
 r - a +0 plate armour (worn)
Jewellery
 l - a +4 ring of protection (left hand)
Scrolls
 a - 2 scrolls of enchant weapon {unknown}
 e - a scroll of noise {unknown}
 g - a scroll of teleportation {unknown}
 k - 2 scrolls of identify {unknown}
 n - a scroll of fog {unknown}
 o - a scroll of enchant armour {unknown}
Potions
 d - 2 potions of might
 f - a potion of enlightenment
 h - a potion of curing {unknown}
 i - a potion of lignification {unknown}
 m - a potion of mutation {unknown}
 q - a potion of attraction {unknown}
 s - a potion of heal wounds {unknown}


   Skills:
 + Level 4.6 Fighting
 + Level 3.7 Axes
 + Level 1.4 Staves
 + Level 4.6 Armour
 + Level 2.4 Dodging
 + Level 4.5 Shields


You had 4 spell levels left.
You didn't know any spells.
Your spell library contained the following spells:

 Spells                   Type           Power      Damage    Failure   Level
 Tukima's Dance           Hex            0%         N/A       100%        3
 Dimensional Bullseye     Hex/Tloc       0%         N/A       100%        4
 Iskenderun's Mystic Bla  Conj/Tloc      0%         2d3       100%        4


Dungeon Overview and Level Annotations

Branches:
Dungeon (5/15)
 Temple: D:4-7

Altars:

Shops:
D:1 *


Innate Abilities, Weirdness & Mutations

You have a pair of horns on your head.
You reflexively headbutt those who attack you in melee.


Message History

The water moccasin bites you!
The water moccasin bites you but does no damage.
The orc barely misses you. Something hits you but does no damage.
The water moccasin bites you but does no damage.
Unknown command.
You barely miss the water moccasin.
Your headbutt misses the water moccasin.
The water moccasin is lightly wounded.
You feel sick. The water moccasin barely misses you. The orc barely misses you.
The water moccasin bites you but does no damage.
Something hits you.
Unknown command.
Unknown command.
You hit the water moccasin.
Your headbutt misses the water moccasin.
The water moccasin is moderately wounded.
You feel sick. The water moccasin barely misses you.
The water moccasin closely misses you. The orc hits you but does no damage.
Something hits you but does no damage. The water moccasin bites you.
You are more poisoned.
The water moccasin poisons you! The orc barely misses you.
Something hits you but does no damage.
You miss the water moccasin.
The water moccasin is moderately wounded.
You feel very sick.
The water moccasin bites you but does no damage.
The water moccasin closely misses you. The orc barely misses you.
You furiously retaliate!
You headbutt the orc!
You kill the orc!
Something hits you but does no damage. The water moccasin bites you!
* * * LOW HITPOINT WARNING * * *
You are more poisoned.
The water moccasin poisons you!
It was a potion of enlightenment.
You feel very buoyant.
You fly up into the air.
* * * LOW HITPOINT WARNING * * *
You feel very sick. The water moccasin bites you.
You die...

..!.$.....#
..........#
..........
.........#
#...)..######
#.......#
#.......#
#..S)...#
#..<@).<#
#########


You could see a neutral water moccasin (fast, strong, frenzied).

Vanquished Creatures
  An orc priest (D:4)
  Crazy Yiuf (D:2)
  An orc wizard (D:4)
  6 adders
  3 worms
  3 dart slugs
  10 orcs
  4 ball pythons
  2 endoplasms
  3 giant cockroaches
  2 hobgoblins (D:1)
  7 jackals
  4 kobolds (D:2)
  2 quokkas (D:2)
  4 bats (D:2)
  3 frilled lizards
  3 goblins
  3 rats
62 creatures vanquished.

Vanquished Creatures (collateral kills)
  An orc (D:5)
1 creature vanquished.

Grand Total: 63 creatures vanquished

Notes
Turn   | Place    | Note
-------+----------+-------------------------------------------
     0 | D:1      | samfromsteam the Minotaur Fighter began the quest for the
                  | Orb.
     0 | D:1      | Reached XP level 1. HP: 19/19 MP: 0/0
    54 | D:1      | Found a faded altar of an unknown god.
   116 | D:1      | Reached XP level 2. HP: 23/27 MP: 1/1
   145 | D:1      | Found Acril's Assorted Antiques.
   550 | D:2      | Reached skill level 1 in Dodging
   550 | D:2      | Reached XP level 3. HP: 33/33 MP: 2/2
  1045 | D:2      | Found a runed translucent door.
  1046 | D:2      | Noticed Crazy Yiuf
  1284 | D:2      | Killed Crazy Yiuf
  1285 | D:2      | Reached XP level 4. HP: 7/40 MP: 3/3
  1725 | D:3      | Reached XP level 5. HP: 47/47 MP: 4/4
  2071 | D:4      | Reached skill level 1 in Staves
  2159 | D:4      | Noticed an ogre
  2194 | D:4      | Noticed a black bear
  2319 | D:5      | Entered Level 5 of the Dungeon
  2330 | D:5      | Noticed a water moccasin
  2455 | D:5      | HP: 1/47 [poisoned by a water moccasin]
  2455 | D:5      | Slain by a water moccasin

Illustrated notes

Levels and vault maps discovered:
D:1:      dpeg_arrival_signposts, layout_rooms, serial_shops,
          nicolae_shop_crystal, dreamdust_ecumenical_altar_grove
D:2:      layout_loops_ring, kennysheep_potato, uniq_crazy_yiuf_cottage
D:3:      layout_rooms
D:4:      layout_gridville
D:5:      cheibrodos_thug_alley, layout_rooms, ebering_ghost_sewer_d,
          chequers_serial_rivers_small_a

Skill      XL: |  1  2  3  4  5 |
---------------+----------------+-----
Fighting       | 4 |  4.6
Armour         | 4 |  4.6
Dodging        | 1 2 |  2.4
Shields        | 4 |  4.5
Axes           | 3 |  3.7
Staves         | 1 |  1.4

Action                     |  1- 3 |  4- 6 || total
---------------------------+-------+-------++-------
  Melee: War axe           |    68 |       ||    68
         Headbutt          |     9 |    15 ||    24
         Quarterstaff      |       |    54 ||    54
    Use: Potion            |       |     1 ||     1
 Armour: Scale mail        |    43 |    20 ||    63
         Plate armour      |       |    54 ||    54
  Dodge: Dodged            |    45 |    38 ||    83
  Block: Buckler           |    15 |       ||    15

Table legend: (Time is in decaauts)
 A = Elapsed time spent in this place.
 B = Non-inter-level travel time spent in this place.
 C = Inter-level travel time spent in this place.
 D = Time resting spent in this place.
 E = Time spent auto-exploring this place.
 F = Levels seen in this place.
 G = Mean time per level.
                   A        B        C        D        E       F      G
               +--------+--------+--------+--------+--------+-----+--------+
         Total |   2499 |   2292 |    207 |    100 |   1722 |   5 |  499.8 |
       Dungeon |   2499 |   2292 |    207 |    100 |   1722 |   5 |  499.8 |
               +--------+--------+--------+--------+--------+-----+--------+

Top non-repeatable levels by time:
     D:2: 975 daAuts
     D:3: 598 daAuts
     D:1: 527 daAuts
     D:4: 369 daAuts
     D:5: 28 daAuts
